 Dungeon Crawl Stone Soup version 0.27-a0-1200-g94dc6ad4cf (webtiles) character file.

Game seed: 12595419917772063016

1820 funkygono the Firebug (level 9, -10/48 HPs)
             Began as a Gargoyle Fire Elementalist on May 31, 2021.
             Was an Initiate of Sif Muna.
             Mangled by a boulder beetle (35 damage)
             ... on level 6 of the Dungeon.
             The game lasted 00:13:04 (7651 turns).

funkygono the Firebug (Gargoyle Fire Elementalist)  Turns: 7651, Time: 00:13:04

Health: -10/48     AC: 14    Str: 13    XL:     9   Next: 10%
Magic:  12/18      EV: 12    Int: 18    God:    Sif Muna [......]
Gold:   264        SH:  0    Dex: 10    Spells: 4/20 levels left

rFire    . . .     SeeInvis .   o - +0 flail (drain)
rCold    + . .     Faith    .   (no shield)
rNeg     + . .     Spirit   .   q - +0 steam dragon scales
rPois    ∞         Reflect  .   j - +1 helmet
rElec    +         Harm     .   (no cloak)
rCorr    .         Rampage  .   l - +0 pair of gloves
Will     .....                  (no boots)
Stlth    ++........             (no amulet)
HPRegen  0.16/turn              d - ring of flight
MPRegen  0.16/turn              m - ring of protection from cold

@: flying
A: sickness immunity, AC +6, negative energy resistance 1, electricity
resistance, torment resistance 1, petrification resistance
a: Renounce Religion


You were on level 6 of the Dungeon.
You worshipped Sif Muna.
Sif Muna was noncommittal.
You visited 2 branches of the dungeon, and saw 7 of its levels.

You collected 264 gold pieces.

Inventory:

Hand Weapons
 b - a +0 club
 i - a +0 whip
 o - a +0 flail of draining (weapon)
Missiles
 a - 2 atropa-tipped darts
 e - 91 stones
 p - a throwing net
Armour
 g - a +0 leather armour
 j - a +1 helmet (worn)
 l - a +0 pair of gloves (worn)
 q - +0 steam dragon scales (worn)
Jewellery
 d - a ring of flight (left hand)
 m - a ring of protection from cold (right hand)
Wands
 n - a wand of paralysis (10)
Potions
 c - a potion of curing
 f - 2 potions of lignification {unknown}
 h - a potion of brilliance {unknown}
 k - a potion of flight {unknown}


   Skills:
 + Level 2.2 Fighting
 + Level 2.3 Maces & Flails
 + Level 2.7 Dodging
 - Level 2.1 Stealth
 * Level 6.4 Spellcasting
 * Level 5.9 Conjurations
 + Level 0.2 Hexes
 * Level 6.8 Fire Magic


You had 4 spell levels left.
You knew the following spells:

 Your Spells              Type           Power      Damage    Failure   Level
a - Foxfire               Conj/Fire      100%       2x1d9     1%          1
b - Conjure Flame         Conj/Fire      28%        6-21      2%          3
c - Inner Flame           Hex/Fire       18%        N/A       9%          3
d - Sticky Flame          Conj/Fire      28%        2d5       9%          4
e - Fireball              Conj/Fire      14%        3d8       24%         5

Your spell library contained the following spells:

 Spells                   Type           Power      Damage    Failure   Level
 Dazzling Flash           Conj/Hex       32%        N/A       10%         3
 Corona                   Hex            6%         N/A       11%         1
 Ensorcelled Hibernation  Hex/Ice        12%        N/A       17%         2
 Confusing Touch          Hex            6%         N/A       30%         3
 Tukima's Dance           Hex            6%         N/A       30%         3


Dungeon Overview and Level Annotations

Branches:
Dungeon (6/15)             Temple (1/1) D:5

Altars:
Ashenzari
Cheibriados
Dithmenos
Elyvilon
Gozag
Hepliaklqana
Kikubaaqudgha
Makhleb
Nemelex Xobeh
Okawaru
Qazlal
Ru
Sif Muna
Trog
Vehumet
Xom
Yredelemnul
The Shining One

Shops:
D:1 [   D:6 (


Innate Abilities, Weirdness & Mutations

You are immune to sickness and miasma.
Your stone body is resilient. (AC +6)
You are immune to poison.
You resist negative energy. (rN+)
You are resistant to electric shocks. (rElec)
You are resistant to unholy torment.
You are immune to petrification.


Message History

It was a potion of curing.
You feel better.
The boulder beetle hits you but does no damage.
The boulder beetle stops rolling and uncurls.
The boulder beetle leaps!
You see here 19 arrows.
A boulder beetle is nearby!
Casting: Sticky Flame (dangerous; 9% risk of failure)
Confirm with . or Enter, or press ? or * to list all spells.
You conjure some foxfire!
Casting: Foxfire (safe; 1% risk of failure)
Confirm with . or Enter, or press ? or * to list all spells.
You conjure some foxfire!
The boulder beetle curls into a ball and begins rolling!
Unknown command.
Casting: Foxfire (safe; 1% risk of failure)
Confirm with . or Enter, or press ? or * to list all spells.
You conjure some foxfire!
The foxfire hits the boulder beetle.
The boulder beetle is lightly wounded.
The foxfire hits the boulder beetle but does no damage.
The boulder beetle is lightly wounded.
Your foxfire dissipates!
Casting: Foxfire (safe; 1% risk of failure)
Confirm with . or Enter, or press ? or * to list all spells.
You conjure some foxfire!
The foxfire hits the boulder beetle but does no damage.
The boulder beetle is lightly wounded.
Unknown command.
You hit the boulder beetle but do no damage.
The boulder beetle is lightly wounded.
The foxfire hits the boulder beetle but does no damage.
The boulder beetle is lightly wounded.
The foxfire hits the boulder beetle but does no damage.
The boulder beetle is lightly wounded.
The foxfire hits the boulder beetle.
The boulder beetle is lightly wounded.
The foxfire hits the boulder beetle but does no damage.
The boulder beetle is lightly wounded.
The boulder beetle hits you!!
Ouch! That really hurt!
You die...

#.# #.#....# #.# #.####.#
####.###......#
##.......####### #...
###........#######
###...#####...#...##)#.....#
..................##.#.....#
..........§§§..............#
...........@§§....##.#.....#
#....#.###B#...[....#.....#
#....#.###.####..##########
#.........°......######
#......####.###.#.....#
#.....∩..##.......# #.#####
##......#.##(.##.#.# #......
####........>.....#...###.#####
..##.#####.#.###.#.##...>.# #


You could see a boulder beetle (rolling).

Vanquished Creatures
  Sigmund (D:3)
  A steam dragon (D:5)
  A water moccasin (D:4)
  2 sky beasts
  A centaur (D:6)
  3 ogres
  2 scorpions
  2 water moccasin zombies
  2 hounds (D:5)
  2 centaur zombies (D:4)
  A bullfrog zombie (D:5)
  A jelly (D:4)
  2 bullfrog skeletons
  4 iguanas
  Ijyb (D:5)
  A scorpion zombie (D:5)
  A hound zombie (D:4)
  2 hound skeletons (D:4)
  Robin (D:4)
  10 adders
  4 gnolls
  An adder skeleton (D:4)
  2 worms
  A dart slug (D:4)
  6 orcs
  12 ball pythons
  3 endoplasms
  3 giant cockroaches
  13 goblins
  5 hobgoblins
  16 jackals
  3 quokkas
  A bat (D:1)
  A jackal zombie (D:4)
  5 kobolds
  8 rats
125 creatures vanquished.

Vanquished Creatures (others)
  536 foxfires
536 creatures vanquished.

Grand Total: 661 creatures vanquished

Notes
Turn   | Place    | Note
-------+----------+-------------------------------------------
     0 | D:1      | funkygono the Gargoyle Fire Elementalist began the quest
                  | for the Orb.
     0 | D:1      | Reached XP level 1. HP: 10/10 MP: 3/3
   144 | D:1      | Reached XP level 2. HP: 10/15 MP: 0/5
   805 | D:1      | Reached XP level 3. HP: 19/19 MP: 4/6
  1378 | D:1      | Found Yquhim's Antique Armour Boutique.
  1388 | D:1      | Found a faded altar of an unknown god.
  1704 | D:1      | Learned a level 3 spell: Conjure Flame
  1892 | D:2      | Reached XP level 4. HP: 24/24 MP: 4/8
  1927 | D:2      | Noticed a scorpion
  1935 | D:2      | Killed a scorpion
  1936 | D:2      | Reached XP level 5. HP: 28/28 MP: 1/9
  1942 | D:2      | Learned a level 4 spell: Sticky Flame
  3104 | D:3      | Noticed Sigmund
  3113 | D:3      | Killed Sigmund
  3114 | D:3      | Reached XP level 6. HP: 32/32 MP: 2/11
  3194 | D:3      | Found a burning altar of Makhleb.
  3628 | D:3      | Learned a level 3 spell: Inner Flame
  3780 | D:4      | Found a white marble altar of Elyvilon.
  3860 | D:4      | Reached skill level 5 in Fire Magic
  3877 | D:4      | Noticed a water moccasin
  3893 | D:4      | HP: 1/32 [water moccasin (5)]
  3894 | D:4      | Killed a water moccasin
  3895 | D:4      | Reached XP level 7. HP: 1/36 MP: 8/13
  4201 | D:4      | Found a stormy altar of Qazlal.
  4216 | D:4      | Noticed Robin
  4221 | D:4      | Killed Robin
  4408 | D:4      | Found an opulent altar of Gozag.
  4418 | D:4      | Reached skill level 1 in Fighting
  4602 | D:4      | Found a sparkling altar of Nemelex Xobeh.
  4602 | D:4      | Found a bloodstained altar of Trog.
  4603 | D:4      | Found a sacrificial altar of Ru.
  5121 | D:4      | Reached skill level 5 in Spellcasting
  5200 | D:4      | Found a basalt altar of Yredelemnul.
  5295 | D:4      | Reached skill level 1 in Maces & Flails
  5489 | D:4      | Learned a level 5 spell: Fireball
  5510 | D:5      | Entered Level 5 of the Dungeon
  5510 | D:5      | Noticed Ijyb
  5514 | D:5      | Killed Ijyb
  5580 | D:5      | Reached XP level 8. HP: 33/43 MP: 8/15
  6122 | D:5      | Found a staircase to the Ecumenical Temple.
  6131 | Temple   | Entered the Ecumenical Temple
  6199 | Temple   | Became a worshipper of Sif Muna the Loreminder
  6302 | D:5      | Found a radiant altar of Vehumet.
  6817 | D:5      | Reached skill level 5 in Conjurations
  7435 | D:6      | Reached XP level 9. HP: 48/48 MP: 13/18
  7519 | D:6      | Found Win Goat's Weapon Shoppe.
  7618 | D:6      | Noticed a boulder beetle
  7651 | D:6      | Mangled by a boulder beetle

Illustrated notes

Levels and vault maps discovered:
D:1:      mainiacjoe_arrival_reflecting_pool, layout_basic, serial_shops, shop,
          ebering_ecumenical_altar_sacrificial, patterned_corridor
D:2:      layout_basic, st_stairs_8, grunt_decor_fettered,
          kennysheep_small_spiral, minmay_misc_feat_encased,
          hangedman_decor_clover_reticule, solitary_fountain, grunt_ministairs_1
D:3:      cheibrodos_helix_gallery, layout_basic, bloody_makhleb, uniq_sigmund
D:4:      layout_loops_ring, nicolae_yredelemnul_corpse_copse, elyvilon_altar_3,
          grunt_qazlal_clouds, chequers_temple_overflow_statue_of_worship,
          chequers_arboretum, uniq_robin
D:5:      layout_cave_pods, vehumet_crystals, minmay_temple_entry_wispy,
          uniq_ijyb
D:6:      layout_loops_cross, nicolae_uskayaw_suspiria, serial_shops, shop,
          uniq_menkaure
Temple:   nicolae_temple_figure_zero

Skill      XL: |  1  2  3  4  5  6  7  8 |
---------------+-------------------------+-----
Dodging        | 2 |  2.7
Spellcasting   | 3 4 5 6 |  6.4
Conjurations   | 2 3 4 5 |  5.9
Fire Magic     | 4 5 6 |  6.8
Fighting       | 1 2 |  2.2
Maces & Flails | 1 2 |  2.3
Stealth        | |  2.1
Hexes          | |  0.2

Action                   |  1- 3 |  4- 6 |  7- 9 || total
-------------------------+-------+-------+-------++-------
Melee: Unarmed           |    26 |       |       ||    26
       Club              |     3 |     2 |       ||     5
       Whip              |       |    10 |    36 ||    46
       Flail             |       |       |    45 ||    45
 Cast: Foxfire           |    52 |    79 |   169 ||   300
       Inner Flame       |       |       |     4 ||     4
       Sticky Flame      |       |       |     5 ||     5
  Use: Scroll            |     2 |     3 |     1 ||     6
       Potion            |       |       |     1 ||     1
Armor: Robe              |    29 |    11 |    53 ||    93
       Steam dragon scal |       |       |    17 ||    17
Dodge: Dodged            |    63 |    12 |    88 ||   163

Table legend: (Time is in decaauts)
 A = Elapsed time spent in this place.
 B = Non-inter-level travel time spent in this place.
 C = Inter-level travel time spent in this place.
 D = Time resting spent in this place.
 E = Time spent auto-exploring this place.
 F = Levels seen in this place.
 G = Mean time per level.
                   A        B        C        D        E       F      G
               +--------+--------+--------+--------+--------+-----+--------+
         Total |   7666 |   7397 |    269 |    104 |   6222 |   7 | 1095.1 |
       Dungeon |   7541 |   7283 |    258 |    104 |   6112 |   6 | 1256.8 |
        Temple |    124 |    114 |     10 |      0 |    110 |   1 |  124.0 |
               +--------+--------+--------+--------+--------+-----+--------+

Top non-repeatable levels by time:
     D:4: 1874 daAuts
     D:1: 1721 daAuts
     D:5: 1616 daAuts
     D:2: 1004 daAuts
     D:3: 912 daAuts
     D:6: 412 daAuts
  Temple: 124 daAuts
